 Dungeon Crawl Stone Soup version 0.19.4-9-g45fd643 (webtiles) character file.

579 protoss039 the Reanimator (level 7, -2/36 HPs)
             Began as a Deep Elf Necromancer on Feb 20, 2017.
             Slain by Agrougrou's ghost (5 damage)
             ... on level 4 of the Dungeon.
             The game lasted 00:23:29 (5045 turns).

protoss039 the Reanimator (Deep Elf Necromancer)    Turns: 5045, Time: 00:23:30

Health: -2/36      AC:  6    Str:  5    XL:     7   Next: 13%
Magic:  18/31      EV: 15    Int: 22    God:
Gold:   115        SH:  0    Dex: 20    Spells: 4 memorised, 3 levels left

rFire  . . .     SeeInvis .     l - +1 mace
rCold  . . .     Gourm    .     i - +1 ring mail
rNeg   . . .     Faith    .     (no shield)
rPois  +         Spirit   .     (no helmet)
rElec  .         Reflect  .     (no cloak)
rCorr  .         Harm     .     (no gloves)
MR     .....                    (no boots)
Stlth  +++.......               (no amulet)
                                n - ring of magical power
                                u - ring of magical power

@: agile
A: deterioration 1, poison resistance
a: no special abilities


You were on level 4 of the Dungeon.
You were not hungry.

You visited 1 branch of the dungeon, and saw 4 of its levels.

You collected 115 gold pieces.

Inventory:

Hand Weapons
 l - a +1 mace (weapon)
Armour
 i - a +1 ring mail (worn)
Jewellery
 n - a ring of magical power (right hand)
 o - a +4 ring of evasion
 u - a ring of magical power (left hand)
 v - an uncursed ring of teleportation
Scrolls
 a - a scroll of remove curse
 g - 4 scrolls of recharging
 k - a scroll of teleportation
 p - 2 scrolls of identify
 s - 4 scrolls of fog
Potions
 d - a potion of agility
 e - a potion of cancellation {unknown}
 h - 2 potions of cure mutation {unknown}
 j - a potion of degeneration {unknown}
 m - a potion of beneficial mutation {unknown}
 q - 2 potions of lignification {unknown}
 r - a potion of heal wounds {unknown}
 t - 2 potions of mutation
Books
 b - a book of Necromancy

   Spells                             Type                      Level
   a - Pain                           Necromancy                   1
   b - Animate Skeleton               Necromancy                   1
   c - Vampiric Draining              Necromancy                   3
   d - Regeneration                   Charms/Necromancy            3
   e - Animate Dead                   Necromancy                   4
   f - Control Undead                 Necromancy                   4
Comestibles
 c - 3 bread rations
 x - a royal jelly
 z - a meat ration


   Skills:
 - Level 2.4 Dodging
 - Level 2.4 Stealth
 - Level 3.0 Spellcasting
 + Level 10.3 Necromancy


You had 3 spell levels left.
You knew the following spells:

 Your Spells              Type           Power        Failure   Level  Hunger
a - Pain                  Necr           ####         1%          1    None
b - Animate Skeleton      Necr           N/A          1%          1    None
c - Vampiric Draining     Necr           #####.....   2%          3    ###....
d - Animate Dead          Necr           N/A          10%         4    ####...


Dungeon Overview and Level Annotations

Branches:
Dungeon (4/15)
 Temple: D:4-7

Altars:
Elyvilon
Hepliaklqana
Vehumet

Annotations:
D:4 Agrougrou's ghost, novice OpAs


Innate Abilities, Weirdness & Mutations

Your body sometimes deteriorates upon taking damage.
Your system is resistant to poisons. (rPois)


Message History

Agrougrou's ghost is lightly damaged.
Agrougrou's ghost hits you but does no damage.
You sock Agrougrou's ghost!
Agrougrou's ghost is moderately damaged.
Agrougrou's ghost hits you but does no damage. x2
You hit Agrougrou's ghost.
Agrougrou's ghost is moderately damaged.
Agrougrou's ghost hits you.
* * * LOW HITPOINT WARNING * * *
Unknown command.
It was a potion of mutation.
You feel extremely strange.
You feel yourself wasting away.
You feel resistant to poisons. Agrougrou's ghost hits you.
* * * LOW HITPOINT WARNING * * *
Unknown command.
Unknown command.
It was a potion of agility.
You feel agile all of a sudden. Agrougrou's ghost hits you.
You die...

........## #.......#
*..,, .........#
#.......## **...,
.........#* #........#
**,.... ..........#
#........# *,,....
.......##.#*##.......#
**,,....
......##...**##......#
*,,,,,,,
.....##.....*##.....##
*,,,,,,,
.....#,......#..).###
*,,,,,,,
)##......_......@##*
*,,,,,,,
.#*###.......####Wg#***
***,,,,, .# **.....#*
*#lg..*******,,,, .#
*#...#* **#.....,,,,,,,,,
## ##.#*
*,,.....,,,,,,,,, #
#,*******,,,....,,,,,,,,,
#
*,,,,,,,,,,,,...,,,,,**,,
#
********,,,,,...,,,,,**,,
# *,,,,,,,,,,,,,,,,,


You could see Agrougrou's ghost, 2 gnolls and a frilled lizard.

Vanquished Creatures
  An ice beast (D:4)
  An ogre (D:4)
  A hound (D:4)
  A gnoll shaman (D:4)
  An orc priest (D:3)
  Ijyb (D:2)
  2 worker ants (D:4)
  5 gnolls
  A howler monkey skeleton (D:4)
  6 adders
  An ooze (D:3)
  7 worms
  3 dart slugs
  3 leopard geckos
  9 orcs (D:3)
  9 bats
  3 giant cockroaches
  11 goblins
  7 hobgoblins
  11 jackals
  2 quokkas
  A ball python (D:3)
  4 frilled lizards
  7 kobolds
  10 rats
108 creatures vanquished.

Vanquished Creatures (collateral kills)
  A worker ant (D:4)
  2 bats (D:3)
  A frilled lizard (D:4)
4 creatures vanquished.

Grand Total: 112 creatures vanquished

Notes
Turn   | Place    | Note
-------+----------+-------------------------------------------
     0 | D:1      | protoss039 the Deep Elf Necromancer began the quest for the Orb.
     0 | D:1      | Reached XP level 1. HP: 10/10 MP: 6/6
    93 | D:1      | Reached skill level 5 in Necromancy
   433 | D:1      | Reached XP level 2. HP: 14/15 MP: 6/8
   456 | D:1      | Learned a level 1 spell: Animate Skeleton
  1103 | D:1      | Reached skill level 6 in Necromancy
  1103 | D:1      | Reached XP level 3. HP: 17/19 MP: 5/9
  1138 | D:1      | Learned a level 3 spell: Vampiric Draining
  2003 | D:2      | Reached XP level 4. HP: 20/24 MP: 5/10
  2015 | D:2      | Learned a level 4 spell: Animate Dead
  2339 | D:2      | Noticed Ijyb
  2358 | D:2      | Killed Ijyb
  2358 | D:2      | Reached skill level 7 in Necromancy
  2468 | D:2      | Found a radiant altar of Vehumet.
  2840 | D:3      | Reached XP level 5. HP: 17/28 MP: 5/11
  3381 | D:3      | Reached skill level 8 in Necromancy
  3400 | D:3      | Found a hazy altar of Hepliaklqana.
  4001 | D:3      | Found a faded altar of an unknown god.
  4471 | D:4      | Noticed an ice beast
  4478 | D:4      | Killed an ice beast
  4478 | D:4      | Reached skill level 9 in Necromancy
  4478 | D:4      | Reached XP level 6. HP: 26/32 MP: 12/12
  4743 | D:4      | Reached skill level 10 in Necromancy
  4816 | D:4      | Reached XP level 7. HP: 17/36 MP: 13/13
  5024 | D:4      | Found a white marble altar of Elyvilon.
  5030 | D:4      | Noticed Agrougrou's ghost (novice OpAs)
  5044 | D:4      | Gained mutation: Your body sometimes deteriorates upon taking damage. [potion of mutation]
  5044 | D:4      | Gained mutation: Your system is resistant to poisons. (rPois) [potion of mutation]
  5045 | D:4      | Slain by Agrougrou's ghost

Skill      XL: |  1  2  3  4  5  6 |
---------------+-------------------+-----
Necromancy     | 5 6 7 9 10 | 10.3
Dodging        | |  2.4
Stealth        | |  2.4
Spellcasting   | |  3.0

Action                   |  1- 3 |  4- 6 |  7- 9 || total
-------------------------+-------+-------+-------++-------
Melee: Dagger            |    13 |       |       ||    13
       Mace              |       |   114 |     6 ||   120
 Cast: Pain              |    52 |   102 |     7 ||   161
       Animate Skeleton  |     4 |     2 |       ||     6
       Vampiric Draining |     4 |    33 |     4 ||    41
       Animate Dead      |       |     2 |       ||     2
  Use: Scroll            |       |    11 |     1 ||    12
       Potion            |       |       |     2 ||     2
  Eat: Chunk             |     3 |    13 |     1 ||    17
Armor: Robe              |     4 |       |       ||     4
       Ring mail         |     1 |    82 |     5 ||    88
Dodge: Dodged            |    22 |   122 |     5 ||   149
